 Dungeon Crawl Stone Soup version 0.25-a0-589-g1e14c549ee (webtiles) character file.

Game seed: 4642538856382388457, levelgen mode: deterministic

79 CryoSword the Ruffian (level 4, 0/45 HPs)
             Began as a Troll Monk on Mar 13, 2020.
             Slain by a gnoll (7 damage)
             ... on level 2 of the Dungeon.
             The game lasted 00:03:30 (1040 turns).

CryoSword the Ruffian (Troll Monk)                  Turns: 1040, Time: 00:03:30

Health: 0/45       AC:  6    Str: 19    XL:     4   Next: 16%
Magic:  3/3        EV:  6    Int:  6    God:
Gold:   56         SH:  0    Dex: 13    Spells: 3/3 levels left

rFire    . . .     SeeInvis .     - Unarmed
rCold    . . .     Gourm    +   (no shield)
rNeg     . . .     Faith    .   a - +0 robe
rPois    .         Spirit   .   (helmet restricted)
rElec    .         Reflect  .   (no cloak)
rCorr    .         Harm     .   (gloves unavailable)
MR       .....                  (boots unavailable)
Stlth    ++........             (no amulet)
HPRegen  0.55/turn              (no ring)
MPRegen  0.08/turn              (no ring)

@: held
A: large, unfitting armour, claws 3, fast metabolism 3, gourmand, regeneration
1, shaggy fur 1, tough skin 3
a: no special abilities


You were on level 2 of the Dungeon.
You were completely stuffed.

You visited 1 branch of the dungeon, and saw 2 of its levels.

You collected 56 gold pieces.

Inventory:

Missiles
 c - 48 stones (quivered)
 f - 15 poisoned darts
Armour
 a - a +0 robe (worn)
Scrolls
 e - a scroll of teleportation {unknown}
Potions
 d - a potion of lignification {unknown}
 g - a potion of berserk rage {unknown}
 i - 2 potions of heal wounds {unknown}
 j - 2 potions of curing {unknown}
 k - 2 potions of brilliance {unknown}
Comestibles
 b - 2 rations {!d}
 h - 10 chunks of flesh


   Skills:
 + Level 3.0 Fighting
 + Level 3.0 Dodging
 - Level 1.0 Stealth
 * Level 4.0 Unarmed Combat


You had 3 spell levels left.
You didn't know any spells.
Your spell library was empty.

Dungeon Overview and Level Annotations

Branches:
Dungeon (2/15)

Altars:


Innate Abilities, Weirdness & Mutations

You are too large for most types of armour.
You have claws for hands.
Your metabolism is lightning-fast.
You like to eat raw meat.
Your natural rate of healing is unusually fast.
You are covered in fur. (AC +1)
You have extremely tough skin. (AC +3)


Message History

Your Unarmed Combat skill increases to level 4!
You have reached level 4!
The hobgoblin barely misses you.
You claw the hobgoblin!
You kill the hobgoblin!
No target in view!
No target in view!
No target in view!
c - 28 stones (gained 1)
You butcher the adder corpse.
h - 3 chunks of flesh (gained 1)
You butcher the giant cockroach corpse.
h - 5 chunks of flesh (gained 2)
You see here an adder skeleton. x2
c - 46 stones (gained 18);
k - a fuming amethyst potion
Things that are here:
a +0 club; a hobgoblin corpse You butcher the hobgoblin corpse.
h - 8 chunks of flesh (gained 3)
Things that are here:
a +0 club; a hobgoblin skeleton
Things that are here:
a +0 club; a hobgoblin skeleton A worm comes into view.
A worm is nearby!
A worm is nearby!
A worm is nearby!
No target in view!
No target in view!
No target in view!
The worm is too close now for your liking.
You see here a sedimented emerald potion.
The worm closely misses you.
You scratch the worm.
The worm is moderately wounded.
You scratch the worm.
The worm is moderately wounded.
The worm barely misses you.
You claw the worm!
You kill the worm!
No target in view!
No target in view!
You butcher the worm corpse.
h - 11 chunks of flesh (gained 3)
i - 2 sedimented emerald potions (gained 1)
You now have 56 gold pieces (gained 4).
c - 48 stones (gained 2)
Found a war axe.
You see here a war axe.
Eating one of 11 chunks of flesh.
You eat one of the 11 chunks of flesh.
This raw flesh tastes great.
k - 2 fuming amethyst potions (gained 1)
Found a stone staircase leading down.
A gnoll comes into view. It is wielding a +0 whip.
A gnoll is nearby!
A gnoll is nearby!
A gnoll is nearby!
A hobgoblin and a gnoll come into view.
The gnoll is wielding a +1 spear of flaming. 2 gnolls come into view.
The gnoll shouts! x4
You barely miss the hobgoblin. You barely miss the hobgoblin.
The hobgoblin hits you.
You scratch the hobgoblin.
The hobgoblin is lightly wounded.
The hobgoblin closely misses you.
You scratch the hobgoblin.
You kill the hobgoblin!
The gnoll closely misses you.
You claw the gnoll!
The gnoll is almost dead.
The gnoll hits you but does no damage. The gnoll hits you with a +0 whip.
You closely miss the gnoll.
The gnoll is almost dead.
The gnoll barely misses you. The gnoll hits you with a +0 whip.
The gnoll hits you with a +0 club.
You scratch the gnoll.
The gnoll is almost dead.
The gnoll hits you but does no damage. x2; The gnoll hits you with a +0 whip!
The gnoll barely misses you.
You are too injured to fight recklessly!
You are too injured to fight recklessly!
The gnoll hits you.
The gnoll throws a throwing net.
The throwing net hits you.
You become entangled in the net!
The gnoll barely misses you.
You see here a throwing net {!f}.
You struggle against the net.
The gnoll barely misses you. The gnoll hits you but does no damage.
You struggle against the net.
The gnoll hits you from afar with a +1 spear of flaming!
The gnoll burns you.
* * * LOW HITPOINT WARNING * * *
The gnoll hits you!
* * * LOW HITPOINT WARNING * * *
The gnoll hits you with a +0 whip.
* * * LOW HITPOINT WARNING * * *
The gnoll hits you but does no damage.
You struggle against the net.
The gnoll hits you but does no damage. The gnoll hits you!
You die...

###########.##....
#............#.###
#.#######.......#
#.# #.......#
###.########.####.##
#...............#...
#...#######.##.#####
#...### #>........
#..@g.# #.##.####.
#.g.g.# #.........
###g..# ##.######.
#...# #+######.
#...# ........ #...#
..###### #...# #####


You could see 4 gnolls.

Vanquished Creatures
  A gnoll (D:2)
  3 adders (D:2)
  A worm (D:2)
  A dart slug (D:2)
  A ball python (D:1)
  4 giant cockroaches
  3 goblins (D:1)
  4 hobgoblins
  5 jackals (D:1)
  4 kobolds
  A quokka (D:2)
  3 bats
  A frilled lizard (D:1)
  4 rats
36 creatures vanquished.

Notes
Turn   | Place    | Note
-------+----------+-------------------------------------------
     0 | D:1      | CryoSword the Troll Monk began the quest for the Orb.
     0 | D:1      | Reached XP level 1. HP: 22/22 MP: 0/0
   154 | D:1      | Reached XP level 2. HP: 29/29 MP: 1/1
   819 | D:2      | Reached XP level 3. HP: 36/36 MP: 2/2
   904 | D:2      | Reached skill level 4 in Unarmed Combat
   904 | D:2      | Reached XP level 4. HP: 39/45 MP: 3/3
  1040 | D:2      | Slain by a gnoll

Levels and vault maps discovered:
D:1:      dpeg_arrival_prison, layout_basic, serial_glass, glass_columns_a,
          glass_columns_a, due_unseen_surprise, item_on_display_a,
          feat_on_display
D:2:      layout_basic, minmay_misc_feat_pillars, minmay_pentomino_w4

Skill      XL: |  1  2  3 |
---------------+----------+-----
Fighting       | 3 |  3.0
Dodging        | 3 |  3.0
Unarmed Combat | 4 |  4.0
Stealth        | |  1.0

Action                   |  1- 3 |  4- 6 || total
-------------------------+-------+-------++-------
Melee: Unarmed           |    85 |    11 ||    96
 Stab: Sleeping          |     3 |       ||     3
  Eat: Chunk             |    14 |     1 ||    15
Armor: Robe              |    44 |     4 ||    48
Dodge: Dodged            |    78 |     9 ||    87

Table legend:
 A = Non-vault XP
 B = Vault XP
 C = Vault XP percentage of total XP
 D = Non-vault monster count
 E = Vault monster count
 F = Vault count percentage of total count
                 A         B        C        D         E       F
            +---------+---------+-------+---------+---------+-------
      Total |      91 |      22 |  19.5 |      30 |       6 |  16.7
            +---------+---------+-------+---------+---------+-------
        D:1 |      29 |       4 |  12.1 |      18 |       2 |  10.0
        D:2 |      62 |      18 |  22.5 |      12 |       4 |  25.0
            +---------+---------+-------+---------+---------+-------
